 Dungeon Crawl Stone Soup version 0.27.1-34-g3ba077fa99 (webtiles) character file.

Game seed: 11730201329415208763

36 unlimited1921 the Vexing (level 3, -6/28 HPs)
             Began as a Gnoll Arcane Marksman on Jan 26, 2022.
             Mangled by an ogre (22 damage)
             ... on level 4 of the Dungeon.
             The game lasted 00:12:50 (3147 turns).

unlimited1921 the Vexing (Gnoll Arcane Marksman)    Turns: 3147, Time: 00:12:50

Health: -6/28      AC:  9    Str: 10    XL:     3   Next: 37%
Magic:  7/7        EV:  2    Int: 12    God:
Gold:   135        SH:  7    Dex: 18    Spells: 1/7 levels left

rFire    . . .     SeeInvis .   a - +0 hand crossbow
rCold    . . .     Faith    .   t - +0 kite shield
rNeg     . . .     Spirit   .   r - +0 chain mail
rPois    .         Reflect  .   h - +0 helmet
rElec    .         Harm     .   (no cloak)
rCorr    .         Rampage  .   (no gloves)
Will     .....                  (no boots)
Stlth    ..........             (no amulet)
HPRegen  0.09/turn              i - ring of wizardry
MPRegen  0.10/turn              l - +6 ring of dexterity

@: no status effects
A: fangs 1, strong nose, distributed training
a: no special abilities


You were on level 4 of the Dungeon.
You visited 1 branch of the dungeon, and saw 4 of its levels.

You collected 135 gold pieces.

Inventory:

Hand Weapons
 a - a +0 hand crossbow (weapon)
 e - a +0 mace
 k - a +0 trident
 x - a +0 short sword
Missiles
 b - 74 stones
 c - 32 bolts (quivered ammo)
 m - a poisoned dart (quivered)
 s - 22 arrows
 u - 17 sling bullets
Armour
 d - a +0 robe
 h - a +0 helmet (worn)
 r - a +0 chain mail (worn)
 t - a +0 kite shield (worn)
 y - a +0 plate armour
Jewellery
 i - a ring of wizardry (left hand)
 l - a +6 ring of dexterity (right hand)
Scrolls
 f - 2 scrolls of immolation {unknown}
 g - 4 scrolls of identify {unknown}
 j - a scroll of blinking {unknown}
 n - a scroll of teleportation {unknown}
 p - a scroll of amnesia {unknown}
Potions
 o - a potion of resistance {unknown}
 q - a potion of flight {unknown}
 v - a potion of curing {unknown}
 w - a potion of might {unknown}
 z - a potion of brilliance {unknown}


   Skills:
 + Level 2.6 Fighting
 + Level 0.7 Short Blades
 + Level 0.7 Long Blades
 + Level 0.7 Axes
 + Level 0.7 Maces & Flails
 + Level 0.7 Polearms
 + Level 0.7 Staves
 + Level 0.7 Slings
 + Level 0.7 Bows
 + Level 4.5 Crossbows
 + Level 0.7 Throwing
 + Level 0.7 Armour
 + Level 4.5 Dodging
 + Level 0.7 Stealth
 + Level 0.7 Shields
 + Level 0.7 Unarmed Combat
 + Level 2.8 Spellcasting
 + Level 0.5 Conjurations
 + Level 5.4 Hexes
 + Level 0.5 Summonings
 + Level 0.5 Necromancy
 + Level 0.5 Translocations
 + Level 0.5 Transmutations
 + Level 0.5 Fire Magic
 + Level 0.5 Ice Magic
 + Level 0.5 Air Magic
 + Level 0.5 Earth Magic
 + Level 0.5 Poison Magic
 + Level 0.9 Invocations
 + Level 0.7 Evocations


You had one spell level left.
You knew the following spells:

 Your Spells              Type           Power      Damage    Failure   Level
a - Corona                Hex            15%        N/A       99%         1
b - Inner Flame           Hex/Fire       8%         N/A       100%        3
c - Slow                  Hex            14%        N/A       100%        2

Your spell library contained the following spells:

 Spells                   Type           Power      Damage    Failure   Level
 Sandblast                Erth           4%         2d4       100%        1
 Summon Small Mammal      Summ           8%         N/A       100%        1
 Passwall                 Tmut/Erth      1%         N/A       100%        2
 Call Canine Familiar     Summ           2%         N/A       100%        3
 Portal Projectile        Hex/Tloc       16%        N/A       100%        3
 Summon Guardian Golem    Hex/Summ       8%         N/A       100%        3
 Cause Fear               Hex            7%         N/A       100%        4
 Lee's Rapid Deconstruct  Erth           1%         3d5*      100%        5


Dungeon Overview and Level Annotations

Branches:
Dungeon (4/15)
 Temple: D:4-7

Altars:
Nemelex Xobeh


Innate Abilities, Weirdness & Mutations

You have very sharp teeth.
Your uncanny sense of smell can sniff out nearby items.
Your experience applies equally to all skills.


Message History

There is a stone staircase leading up here.
You climb upwards.
There is a stone staircase leading down here.
You start resting.
HP restored.
You start removing your armour.
You continue taking off your +0 plate armour. x4
You finish taking off your +0 plate armour.
You start putting on your armour.
You continue putting on your +0 chain mail. x4
You finish putting on your +0 chain mail.
You see here a +0 club.
There is a stone staircase leading down here.
You climb downwards.
There is a stone staircase leading up here.
A kobold comes into view. It is wielding a +0 short sword.
Found 9 gold pieces.
The kobold shouts!
You hear an angry hiss. x2
An orc priest and an orc wizard come into view.
Found an escape hatch in the ceiling.
The orc wizard shouts!
The orc priest shouts!
You hear a shout!
An orc comes into view. It is wielding a +0 hand axe. x2
The orc wizard moves out of view.
You hear a shout!
An adder skeleton comes into view.
A scorpion comes into view.
The teleport trap disappears.
The scorpion disappears!
An orc comes into view. It is wielding a +0 hand axe.
The orc shouts!
You hear an angry hiss.
The kobold hits you but does no damage.
The orc wizard gestures wildly while chanting.
The orc wizard flickers and vanishes!
Deactivating autopickup; reactivate with Ctrl-A.
You block the ogre's attack.
There is a stone staircase leading up here.
The kobold hits you with a +0 short sword.
The orc priest invokes the aid of Beogh against you.
Beogh smites you!
The ogre hits you with a +0 giant spiked club!!
Ouch! That really hurt!
You die...

####.# #.# ..##(#
#.# #.##.####.##
#..........#
#<.....(...# #
#..........#
..#.#.#....(.....##.
..§........O...?....
∆
..###.#..o.K@....##.
....!..(............
.###.###.....(#####
.o. .o.$.##.#
.......o...# .#
....o...$... .#
.........<.## #
........#


You could see an ogre, an orc priest, 3 orcs and a kobold.

Vanquished Creatures
  A worm (D:2)
  A dart slug (D:2)
  7 ball pythons
  3 giant cockroaches
  3 hobgoblins
  4 quokkas
  3 bats (D:1)
  3 frilled lizards
  4 kobolds
  A rat (D:3)
30 creatures vanquished.

Notes
Turn   | Place    | Note
-------+----------+-------------------------------------------
     0 | D:1      | unlimited1921 the Gnoll Arcane Marksman began the quest for
                  | the Orb.
     0 | D:1      | Reached XP level 1. HP: 17/17 MP: 4/4
   975 | D:2      | Reached XP level 2. HP: 23/23 MP: 5/5
  1201 | D:2      | Found a sparkling altar of Nemelex Xobeh.
  1718 | D:3      | Reached XP level 3. HP: 26/28 MP: 7/7
  1820 | D:3      | Found a faded altar of an unknown god.
  2115 | D:3      | Learned a level 3 spell: Inner Flame
  2118 | D:3      | Learned a level 2 spell: Slow
  2795 | D:4      | Noticed an ogre
  3142 | D:4      | Noticed a scorpion
  3147 | D:4      | Mangled by an ogre

Illustrated notes

Levels and vault maps discovered:
D:1:      saegor_arrival_simple_d, layout_loops_ring,
          minmay_misc_feat_nine_boxes
D:2:      minmay_alternating_diamond, layout_basic, basic_altar
D:3:      layout_basic, hellmonk_ecumenical_altar_pennies_from_heaven
D:4:      layout_basic

Action                   || total
-------------------------++-------
Melee: Mace              ||    60
       Bite              ||     4
 Fire: Hand crossbow     ||    47
Throw: Dart              ||     4
  Use: Potion            ||     1
Armor: Robe              ||     1
       Chain mail        ||    18
       Plate armour      ||    31
Dodge: Dodged            ||    23
Block: Kite shield       ||    28
